 Dungeon Crawl Stone Soup version 0.19.4 (webtiles) character file.

69 JeffiDaFish the Chiller (level 4, -10/30 HPs)
             Began as a Vampire Ice Elementalist on Feb 4, 2017.
             Killed from afar by a hobgoblin (37 damage)
             ... with an exploding inner flame
             ... hexed by the player character
             ... on level 2 of the Dungeon.
             The game lasted 00:05:55 (2075 turns).

JeffiDaFish the Chiller (Vampire Ice Elementalist)  Turns: 2075, Time: 00:05:56

Health: -10/30     AC:  2    Str:  7    XL:     4   Next: 2%
Magic:  6/8        EV: 13    Int: 17    God:
Gold:   147        SH:  0    Dex: 15    Spells: 2 memorised, 6 levels left

rFire  . . .     SeeInvis +     e - +0 dagger (flame)
rCold  + . .     Gourm    .     a - +0 robe
rNeg   + + .     Faith    .     (no shield)
rPois  +         Spirit   .     (no helmet)
rElec  .         Reflect  .     (no cloak)
rCorr  .         Harm     .     (no gloves)
MR     .....                    (no boots)
Stlth  ++++......               (no amulet)
                                (no ring)
                                (no ring)

@: regenerating slowly
A: fangs 3, see invisible, unbreathing
a: Bat Form


You were on level 2 of the Dungeon.
You were thirsty.

You visited 1 branch of the dungeon, and saw 2 of its levels.

You collected 147 gold pieces.

Inventory:

Hand Weapons
 d - a +1 short sword
 e - a +0 dagger of flaming (weapon)
Armour
 a - a +0 robe (worn)
Scrolls
 f - a scroll of teleportation
Potions
 c - 17 potions of blood
 h - a potion of curing
Books
 b - a book of Frost

   Spells                             Type                      Level
   a - Freeze                         Ice                          1
   b - Throw Frost                    Conjuration/Ice              2
   c - Ozocubu's Armour               Charms/Ice                   3
   d - Throw Icicle                   Conjuration/Ice              4
   e - Summon Ice Beast               Ice/Summoning                4


   Skills:
 + Level 2.4 Dodging
 + Level 3.7 Stealth
 + Level 3.0 Spellcasting
 * Level 0.7 Conjurations
 + Level 3.7 Ice Magic


You had 6 spell levels left.
You knew the following spells:

 Your Spells              Type           Power        Failure   Level  Hunger
a - Freeze                Ice            ###.         4%          1    None
b - Throw Frost           Conj/Ice       ##....       14%         2    ##.....


Dungeon Overview and Level Annotations

Branches:
Dungeon (2/15)

Altars:
Qazlal
Zin


Innate Abilities, Weirdness & Mutations

You heal slowly.
You have razor-sharp teeth.
You have supernaturally acute eyesight. (SInv)
You can survive without breathing.


Message History

It was a scroll of immolation.
Casting: Freeze
Confirm with . or Enter, or press ? or * to list all spells.
Aiming: Freeze
Press: ? - help, Shift-Dir - straight line, f - hobgoblin
Aim: a hobgoblin, wielding a club (resting, inner flame)
You freeze the hobgoblin.
The hobgoblin shouts!
The hobgoblin is moderately wounded.
The hobgoblin barely misses you.
Casting: Freeze
Confirm with . or Enter, or press ? or * to list all spells.
Aiming: Freeze
Press: ? - help, Shift-Dir - straight line, f/p - hobgoblin
Aim: a hobgoblin, wielding a club (moderately wounded, inner flame)
You freeze the hobgoblin.
The hobgoblin explodes!
The fiery explosion engulfs you!
Ouch! That really hurt!
You die...

.### #...# ..# #...#
..######## #...#
..........
############.##
..########
#.............# ..#
##### #.##########..#
..###...## #...# #..#
#### #.##.....#####.#.#
#..# #...
#.#.......#....#@# #..#
#.##
..#..._........#ยงยง..#
#..# #.##
#.#.......#.#######..#
#..###.##
..##.....##....#
.####...##.##
...##...######.#.#
.............
.>..###### #.#s#
#####..#.### ####.##.%#
#.(.# ######..#.# #
#...#..# #...
...<.....#.# #
###...#..# #..#
########.#.#


There were no monsters in sight!

Vanquished Creatures
  2 adders (D:2)
  An ooze (D:2)
  A worm (D:2)
  2 leopard geckos
  2 giant cockroaches (D:1)
  4 goblins
  8 hobgoblins
  2 jackals (D:1)
  A ball python (D:1)
  4 bats
  6 frilled lizards
  3 kobolds (D:1)
  6 rats
42 creatures vanquished.

Notes
Turn   | Place    | Note
-------+----------+-------------------------------------------
     0 | D:1      | JeffiDaFish the Vampire Ice Elementalist began the quest for the Orb.
     0 | D:1      | Reached XP level 1. HP: 13/13 MP: 3/3
   575 | D:1      | Reached XP level 2. HP: 19/19 MP: 1/5
  1163 | D:1      | Learned a level 2 spell: Throw Frost
  1232 | D:2      | Reached XP level 3. HP: 21/24 MP: 7/7
  1385 | D:2      | Found a stormy altar of Qazlal.
  2028 | D:2      | Found a glowing silver altar of Zin.
  2039 | D:2      | Reached XP level 4. HP: 25/30 MP: 5/8
  2075 | D:2      | Killed from afar by a hobgoblin

Skill      XL: |  1  2  3 |
---------------+----------+-----
Spellcasting   | 3 |  3.0
Dodging        | |  2.4
Stealth        | |  3.7
Conjurations   | |  0.7
Ice Magic      | |  3.7

Action                   |  1- 3 |  4- 6 || total
-------------------------+-------+-------++-------
Melee: Unarmed           |    15 |       ||    15
       Bite              |     5 |       ||     5
       Short sword       |    14 |       ||    14
       Dagger            |    29 |       ||    29
 Cast: Freeze            |    35 |     1 ||    36
       Throw Frost       |     9 |       ||     9
  Use: Scroll            |     9 |     1 ||    10
       Potion            |     4 |       ||     4
 Stab: Sleeping          |     7 |       ||     7
Armor: Robe              |    11 |       ||    11
Dodge: Dodged            |    53 |     1 ||    54
